 Dungeon Crawl Stone Soup version 0.25.1-2-g60ff931df9 (webtiles) character file.

Game seed: 14586959459062519902

116656 Ijustatesigmund the Octopoid Aeon (level 16, -14/120 HPs)
             Began as an Octopode Fighter on Aug 17, 2020.
             Was the Champion of Cheibriados.
             Demolished by a five-headed hydra (17 damage)
             ... on level 1 of the Swamp on Aug 18, 2020.
             The game lasted 01:18:33 (36328 turns).

Ijustatesigmund the Octopoid Aeon (OpFi)           Turns: 36328, Time: 01:18:34

Health: -14/120    AC:  2    Str: 37    XL:     16   Next: 72%
Magic:  27/27      EV: 21    Int: 27    God:    Cheibriados [******]
Gold:   6301       SH: 22    Dex: 29    Spells: 15/15 levels left

rFire    . . .     SeeInvis .   m - +3 war axe (flame)
rCold    . . .     Gourm    .   b - +5 kite shield
rNeg     + + +     Faith    .   J - +1 hat
rPois    +         Spirit   .   (no amulet)
rElec    .         Reflect  .   f - ring of poison resistance
rCorr    +         Harm     .   l - ring of positive energy
MR       ++...     Clarity  +   v - ring of Rafar {rN+ MR+ Str+6}
Stlth    +++++.....             w - ring of positive energy
HPRegen  0.30/turn              K - ring of flight
MPRegen  0.20/turn              O - ring of resist corrosion
                                (no ring)
                                (no ring)

@: marked, grasped by roots, very slightly contaminated, constricted, studying
Shields, very slow
A: almost no armour, stealthy swim, amphibious, 8 rings, constrict 8, camouflage
1, clarity, clumsy 1, gelatinous body 1
a: Bend Time, Temporal Distortion, Slouch, Step From Time, Renounce Religion,
Evoke Flight


You were on level 1 of the Swamp.
You worshipped Cheibriados.
Cheibriados was exalted by your worship.
You were hungry.

You visited 4 branches of the dungeon, and saw 25 of its levels.
You also visited: Bailey and Volcano.

You collected 6749 gold pieces.
You spent 448 gold pieces at shops.

Inventory:

Hand Weapons
 a - a +2 war axe of protection
 m - a +3 war axe of flaming (weapon)
 U - a +1 war axe of electrocution
Missiles
 c - 7 silver javelins
 p - 69 poisoned darts
 E - 14 curare-tipped darts (quivered)
Armour
 b - a +5 kite shield (worn)
 J - a +1 hat (worn)
Jewellery
 f - a ring of poison resistance (left tentacle)
 l - a ring of positive energy (right tentacle)
 v - the ring of Rafar (on tentacle) {rN+ MR+ Str+6}
   (You found it on level 4 of the Dungeon)

   [ring of positive energy]

   It affects your strength (+6).
   It protects you from negative energy.
   It affects your resistance to hostile enchantments.
 w - a ring of positive energy (on tentacle)
 C - an uncursed ring of ice
 K - a ring of flight (on tentacle)
 O - a ring of resist corrosion (on tentacle)
 R - the ring "Nenah" {+Inv rPois MR+ Str+6 Int-3, unknown}
   (You found it on level 13 of the Dungeon)

   [ring of strength]

   It affects your strength (+6).
   It affects your intelligence (-3).
   It protects you from poison.
   It affects your resistance to hostile enchantments.
   It lets you turn invisible.
Wands
 e - a wand of iceblast (16)
 i - a wand of flame (36)
 n - a wand of enslavement (24)
 y - a wand of digging (11)
 B - a wand of paralysis (41)
 G - a wand of disintegration (7)
 H - a wand of polymorph (9)
 P - a wand of clouds (6)
Scrolls
 j - 12 scrolls of remove curse
 k - 2 scrolls of blinking
 q - 4 scrolls of fog
 A - 8 scrolls of identify
 D - 2 scrolls of fear
 F - a scroll of immolation
 I - a scroll of magic mapping
 S - a scroll of enchant armour
 T - a scroll of amnesia
Potions
 g - 2 potions of brilliance
 h - a potion of stabbing
 o - 3 potions of ambrosia
 r - 2 potions of mutation
 x - 8 potions of curing
 L - a potion of invisibility
 M - a potion of lignification
 N - 3 potions of flight
Books
 s - a manual of Shields
Miscellaneous
 t - a lightning rod (4/4)
 z - a phantom mirror
Comestibles
 d - 32 rations


   Skills:
 + Level 14.3 Fighting
 + Level 14.7 Axes
 - Level 3.2 Throwing
 - Level 9.7 Dodging
 - Level 4.7 Stealth
 - Level 14.0 Shields
 + Level 15.5 Invocations
 - Level 3.5 Evocations


You had 15 spell levels left.
You didn't know any spells.
Your spell library contained the following spells:

 Spells                   Type           Power        Failure   Level  Hunger
 Animate Skeleton         Necr           N/A          13%         1    ##.....
 Magic Dart               Conj           #...         13%         1    ##.....
 Pain                     Necr           #...         13%         1    ##.....
 Blink                    Tloc           N/A          21%         2    ###....
 Call Imp                 Summ           #.......     21%         2    ###....
 Poisonous Vapours        Pois/Air       #.....       21%         2    ###....
 Slow                     Hex            #.......     21%         2    ###....
 Confusing Touch          Hex            #.......     36%         3    ####...
 Conjure Flame            Conj/Fire      #.......     36%         3    ####...
 Gell's Gravitas          Tloc           #.........   36%         3    ####...
 Mephitic Cloud           Conj/Pois/Air  #.......     36%         3    ####...
 Vampiric Draining        Necr           #.........   36%         3    ####...
 Animate Dead             Necr           N/A          78%         4    #####..
 Cause Fear               Hex            #.........   78%         4    #####..
 Petrify                  Tmut/Erth      #.......     78%         4    #####..
 Agony                    Necr           #.......     98%         5    ######.
 Bolt of Magma            Conj/Fire/Erth #.........   98%         5    ######.
 Iskenderun's Battlesphe  Conj/Chrm      #.......     98%         5    ######.
 Metabolic Englaciation   Hex/Ice        #.........   98%         5    ######.
 Silence                  Hex/Air        #.........   98%         5    ######.
 Yara's Violent Unravell  Hex/Tmut       #.........   98%         5    ######.
 Freezing Cloud           Conj/Ice/Air   #.........   100%        6    #######
 Iron Shot                Conj/Erth      #.........   100%        6    #######
 Orb of Destruction       Conj           #.........   100%        7    #######
 Ring of Flames           Chrm/Fire      #.........   100%        7    #######
 Spellforged Servitor     Conj/Summ      #.........   100%        7    #######
 Discord                  Hex            #.........   100%        8    #######


Dungeon Overview and Level Annotations

Branches:
Dungeon (15/15)            Temple (0/1) D:7            Lair (6/6) D:8
  Swamp (2/4) Lair:4       Spider (0/4) Lair:4        Slime (0/5) Lair:5
    Orc (2/2) D:10            Elf (0/3) Orc:2        Vaults (0/5) D:14
 Depths (0/5) D:15         Bailey (visited)         Volcano (visited)

Altars:
Cheibriados
Fedhas
Gozag
Hepliaklqana
Kikubaaqudgha
Qazlal
Ru
Sif Muna
Wu Jian
Xom
Yredelemnul
Zin
The Shining One
Beogh
Jiyva

Shops:
D:7 !   D:10 (   Orc:2 :(*[

Annotations:
D:9 4 runed translucent doors
Lair:3 2 transporters
Swamp:1 Roxanne


Innate Abilities, Weirdness & Mutations

You cannot wear most types of armour.
You are very stealthy in the water. (Stealth+)
You are amphibious.
You can wear up to eight rings at the same time.
You can use your tentacles to constrict eight enemies at once.
Your skin changes colour to match your surroundings (Stealth+).
Your rubbery body absorbs attacks. (AC +1, EV +1)
You possess an exceptional clarity of mind.
You are clumsy. (Dex -2)


Message History

The vampire mosquito completely misses you.
You block the spectral spriggan rider's attack.
You block the spectral komodo dragon's attack.
The bog body misses you. The bog body barely misses you.
You climb upwards.
Level annotation: Roxanne You block the five-headed hydra's attack.
The five-headed hydra bites you!
* * * LOW HITPOINT WARNING * * *
You block the five-headed hydra's attack.
The five-headed hydra completely misses you.
The five-headed hydra bites you!
* * * LOW HITPOINT WARNING * * *
The spiny frog barely misses you.
Roots burst forth from the earth!
The grasping roots grab you!
* * * LOW HITPOINT WARNING * * *
The grasping roots constrict you!
The five-headed hydra completely misses you.
The five-headed hydra misses you. The five-headed hydra bites you!
You die...

≈.♣♣.≈≈§..♣.♣♣ ...♣♣≈≈≈♣♣.≈..
♣≈.≈.≈≈≈.....♣ ♣..♣♣≈...†.≈.8
♣♣♣♣♣...≈..f♣♣♣ ♣♣♣≈≈♣♣♣♣....§.†
♣ ♣♣[.≈....≈.≈♣♣♣♣≈...♣♣♣♣.......
♣♣♣..≈..≈≈.≈≈≈≈.♣♣..≈≈≈..≈≈≈.♣≈.≈
..♣♣....≈≈≈≈≈≈≈...≈.≈≈≈..≈☼≈.D..♣
≈....♣♣♣.≈..≈≈..§≈...≈.D°☼○○○≈D..
.≈.≈.♣ ♣≈≈≈....D.n.....v°F(v.≈≈§.
≈≈..♣♣ ♣≈≈≈≈≈≈≈.@..≈≈w≈≈☼§...w...
♣≈...♣ ♣♣≈♣≈≈≈.yyF....≈≈...≈≈...≈
♣♣..≈♣ ♣♣♣≈≈.>≈.............≈...
♣♣..♣♣♣♣♣♣≈...♣≈....≈≈.......≈..
♣≈≈≈≈≈≈≈♣♣≈≈..♣....≈≈..#'###...≈
♣.≈≈≈≈≈≈≈≈≈≈..≈.≈..≈...#.. ##..≈
♣..≈≈≈≈≈≈.........≈...#...$ ##..
♣♣♣♣≈≈............≈≈..#.
.≈.♣§...≈....≈≈.≈♣≈≈..#


You could see a shambling mangrove, a seven-headed hydra, a five-headed hydra, a
tyrant leech, a bog body, a spiny frog, 2 vampire mosquitoes and an
insubstantial wisp.

Vanquished Creatures
  Rupert (Orc:2)
  2 orc warlords (Orc:2)
  A red draconian (Volcano)
  Erolcha (D:9)
  15 hydras
  A ghost crab (Swamp:1)
  A merfolk avatar (Lair:6)
  4 centaur warriors
  3 vault guards (D:14)
  12 two-headed ogres
  An ogre mage (D:15)
  2 alligators (Swamp:1)
  2 orc high priests (Orc:2)
  Urug (D:9)
  Sonja (Orc:2)
  5 unseen horrors
  4 skeletal warriors (D:11)
  10 wizards (D:12)
  A sea snake (Lair:6)
  3 swamp dragons (Swamp:1)
  A harpy (Lair:6)
  A wolf spider zombie (D:15)
  6 orc knights
  6 orc sorcerers
  6 deep elf magi
  3 cyclopes
  10 ugly things
  2 manticores
  Maurice (D:12)
  3 black mambas
  3 elephants (Lair:6)
  2 naga magi (D:15)
  A gargoyle (D:11)
  19 spiny frogs
  7 rime drakes
  10 komodo dragons
  A kobold demonologist (D:13)
  A yaktaur (Volcano)
  A jumping spider (Lair:4)
  3 meliai (D:14)
  7 trolls
  Prince Ribbit (D:5)
  4 slime creatures
  2 polar bears
  A wind drake (Lair:6)
  3 tyrant leeches (Swamp:1)
  A hornet (Lair:6)
  Grinder (D:3)
  12 blink frogs
  2 bog bodies (Swamp:1)
  6 hippogriffs
  4 meliai zombies
  Sigmund (D:3)
  3 wyverns
  3 shadows
  33 yaks
  2 wraiths
  10 humans
  Grum (D:9)
  12 fire bats
  3 basilisks
  12 vampire mosquitoes
  3 hungry ghosts
  4 insubstantial wisps
  7 swamp worms
  6 wargs
  A soldier ant (shapeshifter) (D:15)
  3 acid dragons
  13 water moccasins
  Duvessa (D:5)
  4 porcupines
  5 phantoms
  2 swamp drakes (Swamp:1)
  3 sky beasts
  45 orc warriors
  4 black bears
  5 ice beasts
  4 wolves (D:9)
  23 centaurs
  An eye of draining (D:8)
  10 ogres
  14 crocodiles
  A big kobold (D:7)
  Blork the orc (D:5)
  18 bullfrogs
  An elf skeleton (D:14)
  A gnoll sergeant (D:7)
  Dowan (D:5)
  8 scorpions
  9 killer bees
  5 wights
  3 howler monkeys
  A troll skeleton (D:14)
  A bullfrog zombie (D:7)
  3 crimson imps
  4 human zombies (D:14)
  9 lava snakes (Volcano)
  2 centaur zombies
  8 hounds
  Crazy Yiuf (D:5)
  11 centaur skeletons
  22 orc priests
  9 jellies
  2 bullfrog skeletons
  Jessica (D:2)
  3 iguanas
  Ijyb (D:5)
  Terence (D:3)
  A human skeleton (D:14)
  32 orc wizards
  18 worker ants
  A hound zombie (D:9)
  2 mummies (D:14)
  2 worker ant zombies
  A howler monkey skeleton (D:4)
  8 gnolls
  12 adders
  9 shadow imps
  2 adder zombies (D:7)
  2 adder skeletons
  2 worms
  3 dart slugs
  7 leopard geckos
  122 orcs
  3 ball pythons
  4 bats
  4 giant cockroaches
  6 goblins
  4 hobgoblins
  10 jackals
  3 quokkas
  A ball python zombie (D:5)
  8 frilled lizards
  15 kobolds
  A leopard gecko skeleton (D:8)
  A quokka skeleton (D:5)
  A quokka zombie (D:5)
  10 rats
  A fungus (Lair:6)
863 creatures vanquished.

Vanquished Creatures (collateral kills)
  An elephant (Lair:6)
  A yak (Lair:6)
2 creatures vanquished.

Vanquished Creatures (others)
  A komodo dragon (Lair:6)
  A swamp worm (Swamp:1)
  An iguana (D:12)
  13 fungi
  15 plants (Lair:6)
31 creatures vanquished.

Grand Total: 896 creatures vanquished

Notes
Turn   | Place    | Note
-------+----------+-------------------------------------------
     0 | D:1      | Ijustatesigmund the Octopode Fighter began the quest for
                  | the Orb.
     0 | D:1      | Reached XP level 1. HP: 16/16 MP: 1/1
   172 | D:1      | Reached XP level 2. HP: 21/21 MP: 2/2
   979 | D:2      | Reached XP level 3. HP: 26/26 MP: 3/3
  1082 | D:2      | Noticed Jessica
  1084 | D:2      | Killed Jessica
  1207 | D:2      | Reached XP level 4. HP: 32/32 MP: 4/4
  1730 | D:3      | Noticed Grinder
  1739 | D:3      | Killed Grinder
  1739 | D:3      | Reached skill level 5 in Axes
  1739 | D:3      | Reached XP level 5. HP: 17/38 MP: 5/5
  1739 | D:3      | Reached XP level 6. HP: 19/44 MP: 6/6
  2361 | D:3      | Noticed Sigmund
  2372 | D:3      | Killed Sigmund
  2372 | D:3      | Reached skill level 5 in Fighting
  2372 | D:3      | Reached XP level 7. HP: 8/50 MP: 7/7
  2648 | D:3      | Noticed Terence
  2662 | D:3      | Killed Terence
  2939 | D:3      | Found a snail-covered altar of Cheibriados.
  2940 | D:3      | Found a basalt altar of Yredelemnul.
  3300 | D:4      | Got a scintillating brass ring
  3301 | D:4      | Identified the ring of Rafar {rN+ MR+ Str+6} (You found it
                  | on level 4 of the Dungeon)
  3574 | D:4      | Found an opulent altar of Gozag.
  3579 | D:4      | Found a hazy altar of Hepliaklqana.
  3584 | D:4      | Found an ornate altar of the Wu Jian Council.
  3753 | D:4      | Found a sacrificial altar of Ru.
  3753 | D:4      | Found a stormy altar of Qazlal.
  3757 | D:4      | Found a shimmering blue altar of Sif Muna.
  3861 | D:5      | Entered Level 5 of the Dungeon
  3866 | D:5      | Noticed Ijyb
  3876 | D:5      | Killed Ijyb
  3876 | D:5      | Reached XP level 8. HP: 55/57 MP: 8/8
  4143 | D:5      | Found a shimmering altar of Xom.
  4145 | D:5      | Noticed an angel
  4147 | D:5      | Found a glowing silver altar of Zin.
  4281 | D:5      | Noticed Prince Ribbit
  4295 | D:5      | Noticed Blork the orc
  4591 | D:5      | Killed Blork the orc
  4713 | D:5      | Found a runed translucent door.
  4714 | D:5      | Noticed Crazy Yiuf
  4718 | D:5      | Killed Crazy Yiuf
  4901 | D:5      | Noticed Duvessa
  4909 | D:5      | Killed Duvessa
  4909 | D:5      | Noticed Dowan
  5301 | D:5      | Killed Dowan
  5301 | D:5      | Reached skill level 5 in Dodging
  5547 | D:5      | Killed Prince Ribbit
  5547 | D:5      | Reached XP level 9. HP: 64/64 MP: 9/9
  7173 | D:7      | Found a staircase to the Ecumenical Temple.
  7196 | D:7      | Reached skill level 5 in Shields
  7711 | D:7      | Found Makhlarph's Distillery.
  7719 | D:7      | Bought a potion of mutation for 88 gold pieces
  7719 | D:7      | Bought a potion of mutation for 88 gold pieces
  7719 | D:7      | Bought a potion of heal wounds for 55 gold pieces
  7719 | D:7      | Gained mutation: You tend to lose your temper in combat.
                  | [potion of mutation]
  7719 | D:7      | Gained mutation: Your muscles are strong. (Str +2) [potion
                  | of mutation]
  7814 | D:3      | Became a worshipper of Cheibriados the Contemplative
  8103 | D:6      | Reached skill level 1 in Invocations
  8327 | D:7      | Reached XP level 10. HP: 72/72 MP: 11/11
  8330 | D:7      | Reached skill level 2 in Invocations
  8413 | D:7      | Reached * piety under Cheibriados
  8813 | D:7      | Found a shimmering blue altar of Sif Muna.
  8910 | D:8      | Lost mutation: Your muscles are strong. (Str +2) [potion of
                  | mutation]
  8910 | D:8      | Lost mutation: You tend to lose your temper in combat.
                  | [potion of mutation]
  8910 | D:8      | Gained mutation: You are clumsy. (Dex -2) [potion of
                  | mutation]
  8910 | D:8      | Gained mutation: You possess an exceptional clarity of
                  | mind. [potion of mutation]
  8958 | D:8      | Reached skill level 3 in Invocations
  9076 | D:8      | Found a staircase to the Lair.
  9125 | D:8      | Found a glowing golden altar of the Shining One.
  9169 | D:8      | Reached ** piety under Cheibriados
  9415 | D:8      | Found an ancient bone altar of Kikubaaqudgha.
 10051 | D:9      | Noticed a two-headed ogre
 10069 | D:9      | Found a huge runed translucent gate.
 10069 | D:9      | Found a huge runed translucent gate.
 10227 | D:9      | Killed a two-headed ogre
 10227 | D:9      | Reached skill level 4 in Invocations
 10277 | D:9      | Noticed Erolcha
 10286 | D:9      | Killed Erolcha
 10286 | D:9      | Reached *** piety under Cheibriados
 10286 | D:9      | Reached XP level 11. HP: 63/78 MP: 14/14
 10384 | D:9      | Noticed Grum
 10400 | D:9      | Killed Grum
 10620 | D:9      | Reached skill level 5 in Invocations
 10906 | D:9      | Killed an unseen horror
 11048 | D:9      | Found a huge runed translucent gate.
 11049 | D:9      | Found a huge runed translucent gate.
 11115 | D:10     | Entered Level 10 of the Dungeon
 11115 | D:10     | Noticed Urug
 11428 | D:9      | Killed Urug
 11428 | D:9      | Reached skill level 10 in Axes
 11484 | D:10     | Found Fikko's Weapon Shop.
 11492 | D:10     | Found a flagged portal.
 11501 | Bailey   | Entered a bailey
 11839 | Bailey   | Reached **** piety under Cheibriados
 12852 | Bailey   | Reached skill level 6 in Invocations
 13084 | D:10     | Bought 8 curare-tipped darts for 67 gold pieces
 13172 | D:10     | Found a staircase to the Orcish Mines.
 13179 | D:10     | Reached ***** piety under Cheibriados
 13780 | D:10     | Killed an unseen horror
 14251 | D:11     | Reached skill level 7 in Invocations
 14268 | D:11     | Noticed a skeletal warrior
 14269 | D:11     | Noticed a skeletal warrior
 14272 | D:11     | Noticed a skeletal warrior
 14275 | D:11     | Noticed a skeletal warrior
 14277 | D:11     | Killed a skeletal warrior
 14525 | D:11     | Identified a scroll of acquirement
 14525 | D:11     | Acquired 4090 gold pieces
 14590 | D:11     | Killed an unseen horror
 14695 | D:11     | Reached skill level 10 in Shields
 14695 | D:11     | Reached XP level 12. HP: 54/86 MP: 17/17
 14697 | D:11     | Reached skill level 8 in Invocations
 15511 | D:11     | Reached skill level 9 in Invocations
 16601 | D:12     | Reached skill level 10 in Invocations
 16764 | D:12     | Noticed Maurice
 16777 | D:12     | Noticed a two-headed ogre
 17130 | D:12     | Reached skill level 10 in Fighting
 17437 | D:12     | Reached ****** piety under Cheibriados
 17439 | D:12     | Reached XP level 13. HP: 78/92 MP: 20/20
 17600 | D:12     | Identified the +7 dagger of Premature Burial {vorpal, *Rage
                  | rF+ Dex+2}
 17606 | D:12     | Killed Maurice
 17677 | D:12     | Reached skill level 11 in Invocations
 18701 | Lair:1   | Entered Level 1 of the Lair of Beasts
 18710 | Lair:1   | Reached skill level 1 in Stealth
 18719 | Lair:1   | Reached skill level 1 in Evocations
 18774 | Lair:1   | Reached skill level 1 in Throwing
 18984 | Orc:1    | Entered Level 1 of the Orcish Mines
 19593 | Orc:2    | Entered Level 2 of the Orcish Mines
 19705 | Orc:2    | Noticed Rupert
 19716 | Orc:2    | Killed Rupert
 20046 | Orc:2    | Noticed an orc warlord
 20416 | Orc:2    | Noticed Sonja
 20423 | Orc:2    | Killed Sonja
 20839 | Orc:2    | Killed an orc warlord
 20839 | Orc:2    | Reached skill level 12 in Invocations
 21128 | Orc:2    | Reached XP level 14. HP: 68/101 MP: 19/23
 21392 | Orc:2    | Found a roughly hewn altar of Beogh.
 21532 | Orc:2    | Found Reoriffo's Antique Armour Boutique.
 21558 | Orc:2    | Found Dudinaw's General Store.
 21567 | Orc:2    | Bought a scroll of identify for 24 gold pieces
 21567 | Orc:2    | Bought a scroll of enchant armour for 90 gold pieces
 21567 | Orc:2    | Bought a scroll of teleportation for 36 gold pieces
 21577 | Orc:2    | Found Roaklox's Antique Weapon Boutique.
 21613 | Orc:2    | Found Woclydoj's Book Boutique.
 21680 | Orc:2    | Noticed an orc warlord
 21700 | Orc:2    | Killed an orc warlord
 21994 | Orc:2    | Found a staircase to the Elven Halls.
 22172 | Orc:2    | Found a runed translucent door.
 22478 | Orc:2    | Found a roughly hewn altar of Beogh.
 23724 | Lair:2   | Found a dark tunnel.
 23775 | Volcano  | Entered a volcano
 23986 | Volcano  | Noticed a red draconian
 23988 | Volcano  | Found a radiant altar of Vehumet.
 24006 | Volcano  | Killed a red draconian
 25264 | Lair:3   | Found a transporter.
 25266 | Lair:3   | Found the +3 pair of gauntlets of War {Slay+5}
 25324 | Lair:3   | Found a transporter.
 26339 | Lair:4   | Found a hole to the Spider Nest.
 26676 | Lair:4   | Found a staircase to the Swamp.
 26839 | Lair:4   | Reached skill level 13 in Invocations
 27621 | Lair:4   | Reached XP level 15. HP: 108/108 MP: 24/24
 27674 | Lair:5   | Found a staircase to the Slime Pits.
 27675 | Lair:5   | Found a viscous altar of Jiyva.
 29034 | Lair:6   | Entered Level 6 of the Lair of Beasts
 30136 | Lair:6   | Reached skill level 14 in Invocations
 31747 | D:13     | Got a shimmering pewter ring
 32735 | D:14     | Reached XP level 16. HP: 117/117 MP: 26/26
 32832 | D:14     | Found a basalt altar of Yredelemnul.
 33068 | D:14     | Found a gate to the Vaults.
 33272 | D:15     | Entered Level 15 of the Dungeon
 33409 | D:15     | Found a blossoming altar of Fedhas.
 34106 | D:15     | Reached skill level 15 in Invocations
 34234 | D:15     | Found a staircase to the Depths.
 34866 | Swamp:1  | Entered Level 1 of the Swamp
 36203 | Swamp:1  | Noticed Roxanne
 36328 | Swamp:1  | HP: 3/120 [shambling mangrove (11)]
 36328 | Swamp:1  | Demolished by a five-headed hydra

Illustrated notes

Levels and vault maps discovered:
D:1:      saegor_arrival_miasma, layout_basic
D:2:      layout_loops_ring, corexii_corridor_pit, uniq_jessica
D:3:      layout_loops_cross, gammafunk_temple_overflow_pools,
          minmay_diced_spiral, uniq_grinder, uniq_sigmund, uniq_terence
D:4:      layout_cave_pools, minitemple, minmay_overflow_temple_star_quad,
          first_ration
D:5:      layout_layer_cave, grunt_temple_overflow_order_and_chaos_1,
          uniq_duvessa, uniq_crazy_yiuf_cottage, uniq_ijyb, uniq_prince_ribbit1,
          uniq_blork_the_orc
D:6:      layout_loops_cross
D:7:      cheibrodos_barr_body, layout_cave_pools,
          minmay_temple_entry_statues_pillars, serial_shops, shop, tgw_sif
D:8:      layout_basic, tso_oasis_becter, marbit_many_paths,
          erik_lair_orcish_takeover
D:9:      lemuel_bear_cage, layout_long_grid, uniq_erolcha, uniq_grum
D:10:     layout_long_grid, erik_orc_3, serial_shops, shop, enter_bailey_6,
          uniq_urug
D:11:     layout_basic, grunt_pizzeria
D:12:     minmay_tri_stars, layout_loops_corners, minivault_5, uniq_maurice
D:13:     layout_roguey
D:14:     layout_long_grid, ximxim_vaults_locker_room,
          lemuel_mausoleum_altar_yredelemnul
D:15:     grunt_enter_depths_magical_seal, layout_basic, fedhas_altar_2
Lair:1:   layout_gridlike, st_stairs_4, grunt_megastairs_3, lemuel_fruit_tree
Lair:2:   layout_regular_city, nicolae_volcano_entry_batcave
Lair:3:   gammafunk_cloud_chamber, layout_cave_pods
Lair:4:   layout_regular_city, palyth_hydra_swamp_entry,
          spider_nest_entry_rubble
Lair:5:   onia_ninara_swampy_vault, layout_loops_ring, slime_altar_1
Lair:6:   gammafunk_lair_ancient_temple, layout_layer_cave, st_stairs_6,
          fungi_pond_lemuel
Swamp:1:  layout_basic_swamp, serial_swamp_ruin, evilmike_swamp_ruin_rubble_2,
          evilmike_swamp_ruin_rubble_1, evilmike_swamp_ruin_house_3,
          swamp_pool4, st_swamp_ruins_4, uniq_roxanne, uniq_louise
Swamp:2:  layout_basic_swamp, infiniplex_staircase_pool_2
Orc:1:    layout_diamond_mine
Orc:2:    grunt_orc_cross, layout_diamond_mine, lightli_church_of_beogh,
          uniq_rupert, uniq_sonja

Skill      XL: |  1  2  3  4  5  6  7  8  9 10 11 12 13 14 15 16 |
---------------+-------------------------------------------------+-----
Axes           | 3 5 6 7 8 9 10 11 12 13 14 | 14.7
Fighting       | 4 5 7 8 9 10 11 12 13 14 | 14.3
Dodging        | 5 6 7 8 9 |  9.7
Shields        | 4 5 6 10 12 14 | 14.0
Invocations    | 1 4 7 10 12 13 14 15 | 15.5
Stealth        | 4 |  4.7
Evocations     | 3 |  3.5
Throwing       | 3 |  3.2

Action                   |  1- 3 |  4- 6 |  7- 9 | 10-12 | 13-15 | 16-18 || total
-------------------------+-------+-------+-------+-------+-------+-------++-------
Melee: War axe           |    45 |    49 |   223 |   443 |   804 |   293 ||  1857
       Constrict         |    19 |    17 |    54 |   100 |   139 |    38 ||   367
       Tentacles         |    12 |    10 |    59 |   194 |   340 |   122 ||   737
       Hand axe          |       |       |       |       |     2 |       ||     2
Throw: Dart              |       |       |    28 |   103 |    74 |       ||   205
Invok: Slouch            |       |       |       |       |    12 |     2 ||    14
       Bend Time         |       |       |       |       |     1 |       ||     1
Evoke: Wand              |       |     2 |    20 |    13 |    21 |       ||    56
  Use: Scroll            |     7 |     1 |     8 |    13 |    15 |     5 ||    49
       Potion            |       |     1 |     6 |     3 |     5 |       ||    15
 Stab: Sleeping          |     4 |     5 |     7 |     9 |    41 |    14 ||    80
       Distracted        |       |       |     1 |     1 |     2 |     3 ||     7
       Paralysed         |       |       |       |     1 |       |       ||     1
  Eat: Chunk             |     1 |     4 |    11 |     9 |    20 |     6 ||    51
       Ration            |       |       |     3 |     1 |     2 |       ||     6
Armor: Skin              |     3 |     3 |     9 |    38 |    27 |    19 ||    99
Dodge: Dodged            |    14 |    13 |   106 |   243 |   348 |   147 ||   871
Block: Kite shield       |    16 |    21 |   126 |   335 |   737 |   284 ||  1519
